[Event "*** SCC Grand Prix: Titled Tuesday Blitz"]
[Site "Chess.com"]
[Date "2020.06.02"]
[Round "6"]
[White "Majesth"]
[Black "gurelediz"]
[Result "1/2-1/2"]
[WhiteElo "2454"]
[BlackElo "2601"]
[TimeControl "180+1"]
[EndTime "11:08:11 PDT"]
[Termination "Game drawn by repetition"]

1. d4 Nf6 2. Nc3 d5 3. Bf4 c5 4.
e3 cxd4 5. exd4 a6 6. Nf3 Bg4 7.
h3 Bh5 8. Be2 e6 9. O-O Nc6 10.
Ne5 Bxe2 11. Nxe2 Rc8 12. c3 Bd6 13. Nxc6 Rxc6 14. Qb3 Qb6 15. Qxb6 Rxb6 16. Bxd6 Rxd6 17. Nc1 O-O 18. Nd3 Rc8 19. Rfe1 Nd7 20. Re2 Nb6 21. f3 Rc7 22. Kf2 f6 23. Rae1 Kf7 24. g4 Nd7 25. h4 b5 26. Kg3 a5 27. a3 Rc4 28. Re3 g6 29. Kf2 Rb6 30. R1e2 h6 31.
Nf4 Nf8 32. Nd3 Nd7 33. Nf4 Nf8 34. Nd3 g5 35. h5 Rc8 36. Re1 Rc4 37. R1e2 Rc8 38.
Re1 Rc4 39. R1e2 1/2-1/2

[Event "*** SCC Grand Prix: Titled Tuesday Blitz"]
[Site "Chess.com"]
[Date "2020.06.02"]
[Round "6"]
[White "vovachesss"]
[Black "yamalchess"]
[Result "1-0"]
[WhiteElo "2647"]
[BlackElo "2463"]
[TimeControl "180+1"]
[EndTime "11:08:12 PDT"]
[Termination "vovachesss won on time"]

1. d4 f5 2. Nc3 Nf6 3. Bg5 d5 4. Bxf6 exf6 5. e3 Be6 6. Bd3 Nc6 7. Nge2 Qd7 8. Nf4 Bf7 9. h4 h5 10. Qf3 O-O-O 11. O-O-O g6 12. Bb5 Qd6 13. Ba4 a6 14.
Bb3 Ne7 15. Kb1 Kb8 16. Na4 Bh6 17. g3 Ka7 18. Rc1 b6 19. Nd3 g5 20. c4 dxc4 21.
Bxc4 Bxc4 22. Rxc4 Nd5 23. Nc3 Nxc3+ 24. Rxc3 f4 25.
Rhc1 Rd7 26. Nb4 1-0

[Event "*** SCC Grand Prix: Titled Tuesday Blitz"]
[Site "Chess.com"]
[Date "2020.06.02"]
[Round "6"]
[White "mbachez"]
[Black "Khazieva_Elza"]
[Result "1-0"]
[WhiteElo "2537"]
[BlackElo "2278"]
[TimeControl "180+1"]
[EndTime "11:08:12 PDT"]
[Termination "mbachez won on time"]

1. e4 c5 2. Nf3 d6 3. Bc4 e6 4. O-O Nf6 5. Qe2 Be7 6. c3 O-O 7. Bb3 Nc6 8. d4 a6 9. e5 Nd5 10. Rd1 Qc7 11. Qe4 cxd4 12. cxd4 dxe5 13. dxe5 Na5 14.
Bc2 f5 15. exf6 Nxf6 16. Qe2 Bd6 17. Nc3 Ng4 18. g3 e5 19. Be4 Bc5 20. Bd5+ Kh8 21. Ne4 Bf5 22. Nxc5 Qxc5 23. h3 Nf6 24. Be3 Qb4 25.
Nxe5 Nc6 26. Nxc6 bxc6 27. Bg2 Rac8 28. Rac1 1-0

[Event "*** SCC Grand Prix: Titled Tuesday Blitz"]
[Site "Chess.com"]
[Date "2020.06.02"]
[Round "6"]
[White "PawnEatingZombie"]
[Black "ninodg"]
[Result "0-1"]
[WhiteElo "2205"]
[BlackElo "2514"]
[TimeControl "180+1"]
[EndTime "11:08:13 PDT"]
[Termination "ninodg won by resignation"]

1. d4 d5 2. c4 c6 3. Nc3 Nf6 4.
e3 e6 5. Nf3 Nbd7 6. Qc2 Bd6 7.
Bd3 e5 8. cxd5 cxd5 9. e4 dxe4 10. Nxe4 Nxe4 11. Bxe4 Bb4+ 12. Bd2 Bxd2+ 13. Qxd2 Nf6 14.
Bc2 exd4 15. O-O O-O 16. Qxd4 Bg4 17. Qf4 Rc8 18. Bb3 Rc5 19. Ne5 Qc7 20. Rfe1 Be6 21. Bxe6 fxe6 22. Nd3 e5 23. Rxe5 Nd7 24. Rf5 Rfxf5 25.
Qxf5 Rxf5 0-1

[Event "*** SCC Grand Prix: Titled Tuesday Blitz"]
[Site "Chess.com"]
[Date "2020.06.02"]
[Round "6"]
[White "LiamVrolijk"]
[Black "Kezin_Roman"]
[Result "0-1"]
[WhiteElo "2840"]
[BlackElo "2707"]
[TimeControl "180+1"]
[EndTime "11:08:15 PDT"]
[Termination "Kezin_Roman won by resignation"]

1. d4 d5 2. c4 e6 3. Nf3 Nf6 4. Nc3 c6 5. Bg5 dxc4 6. e4 b5 7. e5 h6 8. Bh4 g5 9. Nxg5 hxg5 10. Bxg5 Nbd7 11. g3 Rg8 12. h4 Rxg5 13. hxg5 Nd5 14.
g6 fxg6 15. Qg4 Qe7 16. Bg2 N7b6 17. Be4 Qb4 18. Qxg6+ Kd8 19. O-O Qxb2 20. Bxd5 cxd5 21. Rfc1 Bd7 22. Qg8 Kc7 23. Rab1 Qa3 24. Qg5 a6 25. Kg2 Qe7 26. Qe3 b4 27. Ne2 a5 28. Rh1 c3 29.
Nf4 Nc4 30. Qd3 Kb6 31. Rh7 Qe8 32. Qxc3 Bb5 33. Qd3 Na3 34. Qc2 Nxc2 0-1

[Event "*** SCC Grand Prix: Titled Tuesday Blitz"]
[Site "Chess.com"]
[Date "2020.06.02"]
[Round "6"]
[White "Roza_Idrisova"]
[Black "allvim"]
[Result "1-0"]
[WhiteElo "2180"]
[BlackElo "2297"]
[TimeControl "180+1"]
[EndTime "11:08:16 PDT"]
[Termination "Roza_Idrisova won by resignation"]

1. d4 Nf6 2. Nf3 g6 3. c4 d5 4. cxd5 Nxd5 5. e4 Nb6 6. Nc3 Bg7 7. Be2 O-O 8. Be3 Nc6 9. h3 Na5 10. b3 c5 11. Rc1 cxd4 12. Bxd4 Bxd4 13. Qxd4 Nc6 14. Qe3 f6 15. O-O Be6 16. Rfd1 Qe8 17. e5 Qf7 18. exf6 exf6 19. Ne4 Rfd8 20. Qc3 Nd5 21. Qb2 Rac8 22. Bc4 Nce7 23. a4 h6 24. Nd4 Bf5 25. Nxf5 gxf5 26. Nc3 Rxc4 27. bxc4 Qg6 28. Nxd5 Nxd5 29. Rxd5 Re8 30. Qxb7 f4 31. Qc7 h5 32.
Rd8 f3 33. Rxe8+ Qxe8 34. Qg3+ 1-0

[Event "*** SCC Grand Prix: Titled Tuesday Blitz"]
[Site "Chess.com"]
[Date "2020.06.02"]
[Round "6"]
[White "Shota_Azaladze"]
[Black "GukeshDommaraju"]
[Result "0-1"]
[WhiteElo "2824"]
[BlackElo "2676"]
[TimeControl "180+1"]
[EndTime "11:08:19 PDT"]
[Termination "GukeshDommaraju won by resignation"]

1. Nf3 Nf6 2. g3 g6 3. b3 Bg7 4.
Bb2 O-O 5. Bg2 d6 6. d4 Nbd7 7. c4 Re8 8. Nc3 e5 9. e3 c6 10. d5 e4 11. Nd4 Ne5 12. O-O Bg4 13. Qc2 c5 14. Nde2 Nf3+ 15. Kh1 Qd7 16. Ng1 Nxg1 17. Kxg1 Bf3 18. h3 h5 19. Bxf3 exf3 20. Kh2 Nh7 21. Rh1 Ng5 22. Kg1 Nxh3+ 23. Kf1 Qg4 24. Nb5 Bxb2 25. Qxb2 Rad8 26. Nxa7 h4 27. Nb5 hxg3 28.
fxg3 Rxe3 29. Qh2 f2 30. Kg2 Qf3+ 31. Kxh3 Kg7 0-1

[Event "*** SCC Grand Prix: Titled Tuesday Blitz"]
[Site "Chess.com"]
[Date "2020.06.02"]
[Round "6"]
[White "IMDT02"]
[Black "AlexTriapishko"]
[Result "0-1"]
[WhiteElo "2495"]
[BlackElo "2701"]
[TimeControl "180+1"]
[EndTime "11:08:19 PDT"]
[Termination "AlexTriapishko won on time"]

1. d4 Nf6 2. c4 g6 3. Nc3 Bg7 4.
e4 O-O 5. f3 d6 6. Nge2 c5 7. d5 e6 8. Be3 exd5 9. cxd5 h5 10.
Qd2 Nbd7 11. Nf4 Ne5 12. Be2 Nh7 13. O-O h4 14. b3 a6 15. a4 Qe7 16. Nd3 f5 17. Nxe5 Qxe5 18. Rac1 f4 19. Bf2 h3 20. g3 Bh6 21. Qd3 g5 22. Rcd1 Bg7 23. Nb1 Bd7 24.
a5 Bb5 25. Qd2 Bxe2 26. Qxe2 g4 27. gxf4 Qxf4 28. Bg3 gxf3 29. Qd3 Qg4 30. Nd2 Be5 31. Rxf3 Ng5 32. Rxf8+ Rxf8 33. Rf1 Bd4+ 34. Kh1 Rxf1+ 35. Nxf1 Nxe4 36. Ne3 Qf3+ 37. Kg1 Bxe3+ 0-1

[Event "*** SCC Grand Prix: Titled Tuesday Blitz"]
[Site "Chess.com"]
[Date "2020.06.02"]
[Round "6"]
[White "Borsuk_Konstantin"]
[Black "Supernotar"]
[Result "0-1"]
[WhiteElo "2562"]
[BlackElo "2710"]
[TimeControl "180+1"]
[EndTime "11:08:20 PDT"]
[Termination "Supernotar won by resignation"]

1. d4 d5 2. c4 dxc4 3. Nf3 Nf6 4. e3 e6 5. Bxc4 a6 6. O-O b5 7. Bd3 Bb7 8. a4 b4 9. Nbd2 Nbd7 10. Qe2 c5 11. e4 Be7 12. Nb3 cxd4 13. Nfxd4 O-O 14. f4 Nc5 15. Bb1 Ncxe4 16. f5 e5 17. Nf3 Ng4 18. Bxe4 Qb6+ 19. Kh1 Bxe4 20. Qxe4 Nf2+ 21. Rxf2 Qxf2 22.
Bd2 Rad8 23. a5 Rfe8 24. Rc1 h6 25. h3 Bf8 26. f6 g6 27. Rc7 Qf1+ 28. Kh2 Re6 29.
Rc1 Qf2 30. Rc7 Rxf6 31. Qxe5 Bd6 0-1

[Event "*** SCC Grand Prix: Titled Tuesday Blitz"]
[Site "Chess.com"]
[Date "2020.06.02"]
[Round "6"]
[White "JozefKneht"]
[Black "Blitzking642"]
[Result "1-0"]
[WhiteElo "2511"]
[BlackElo "2307"]
[TimeControl "180+1"]
[EndTime "11:08:20 PDT"]
[Termination "JozefKneht won by resignation"]

1. e4 c5 2. Nf3 Nc6 3. d4 cxd4 4. Nxd4 g6 5. c4 Bg7 6. Be3 Nf6 7. Nc3 O-O 8. Be2 d6 9. Qd2 Bd7 10. O-O Nxd4 11.
Bxd4 Bc6 12. f3 a5 13. b3 Nd7 14. Be3 Nc5 15. Rab1 Qb6 16. Rfc1 Rfc8 17. Rc2 Qd8 18.
a3 h5 19. b4 axb4 20. axb4 Na4 21. Nd5 e6 22. Nf4 Qf6 23. Bf1 Be8 24. Ne2 Qe7 25.
Rd1 b5 26. cxb5 Rxc2 27. Qxc2 Bxb5 28. Nd4 Bxf1 29. Kxf1 Qb7 30. Qc6 Qxc6 31. Nxc6 Bf8 32. b5 Nc5 33. Bxc5 dxc5 34. b6 1-0

[Event "*** SCC Grand Prix: Titled Tuesday Blitz"]
[Site "Chess.com"]
[Date "2020.06.02"]
[Round "6"]
[White "Reinaldovera"]
[Black "Storchnoi"]
[Result "1-0"]
[WhiteElo "2239"]
[BlackElo "2033"]
[TimeControl "180+1"]
[EndTime "11:08:20 PDT"]
[Termination "Reinaldovera won by resignation"]

1. d4 Nf6 2. c4 e6 3. Nc3 Bb4 4.
Qc2 c5 5. dxc5 O-O 6. Bf4 Na6 7. Bd6 Re8 8. f3 Bxc5 9. Rd1 Qb6 10. Bxc5 Qxc5 11.
e4 d6 12. Qd2 Rd8 13. a3 b6 14. b4 Qc7 15. e5 Ne8 16. Nb5 Qb8 17. Nh3 Bd7 18. Nxd6 Ba4 19. c5 Bxd1 20. Bxa6 Bb3 21.
O-O bxc5 22. bxc5 Qc7 23. Qe3 Bd5 24. Nf4 Bc6 25. Bc4 Rab8 26. Nxf7 Kxf7 27. Nxe6 Qa5 28. Nxd8+ Ke7 29. Nxc6+ 1-0

[Event "*** SCC Grand Prix: Titled Tuesday Blitz"]
[Site "Chess.com"]
[Date "2020.06.02"]
[Round "6"]
[White "atalz0"]
[Black "Reality-Stone"]
[Result "0-1"]
[WhiteElo "2314"]
[BlackElo "2489"]
[TimeControl "180+1"]
[EndTime "11:08:22 PDT"]
[Termination "Reality-Stone won on time"]

1. d4 Nf6 2. c4 e6 3. Nc3 Bb4 4.
Qc2 d5 5. cxd5 exd5 6. Bg5 h6 7. Bh4 c5 8. Nf3 g5 9. Bg3 Ne4 10. e3 Qa5 11. Bd3 Nxc3 12. O-O Ne4 13. Bxe4 dxe4 14.
Qxe4+ Kf8 15. a3 Nc6 16. axb4 Qxb4 17. Bd6+ Kg8 18. Bxc5 Qc4 19. Rfc1 Qe6 20. Qd3 g4 21. d5 Qd7 22. Ne1 Ne5 23. Qc3 Qf5 24. Bd4 f6 25. Qc7 Bd7 26. Bxe5 fxe5 27. Qxb7 Rf8 28. f3 gxf3 29.
Nxf3 Rh7 30. Rxa7 e4 31. Rc7 Rg7 32. Rxd7 Rxg2+ 33. Kh1 Qxf3 0-1

[Event "*** SCC Grand Prix: Titled Tuesday Blitz"]
[Site "Chess.com"]
[Date "2020.06.02"]
[Round "6"]
[White "Natalya_Buksa"]
[Black "Anwesh9792"]
[Result "0-1"]
[WhiteElo "2572"]
[BlackElo "2728"]
[TimeControl "180+1"]
[EndTime "11:08:23 PDT"]
[Termination "Anwesh9792 won by resignation"]

1. d4 Nf6 2. Nc3 d5 3. Bf4 e6 4.
e3 Bd6 5. Nf3 c5 6. Bd3 Bxf4 7.
exf4 cxd4 8. Nxd4 Nc6 9. Nxc6 bxc6 10. O-O Qd6 11. Qd2 Rb8 12. b3 O-O 13. Ne2 c5 14. Rad1 a5 15. c4 a4 16. Bc2 axb3 17. axb3 Bb7 18. Qd3 Bc6 19. h3 Rfd8 20. g4 g6 21.
Qe3 d4 22. Qe5 Ne8 23. Ng3 f6 24. Qxd6 Nxd6 25. Rfe1 Kf7 26. Rd2 Ra8 27. Bd3 Ra3 28. Rb2 Rb8 29. Reb1 e5 30. fxe5 fxe5 31. Re1 Rbxb3 32.
Rxb3 Rxb3 33. Be4 Rxg3+ 34. fxg3 Nxe4 35. Rb1 Ke6 36. Rb6 Kd6 37. Kf1 Nd2+ 38. Ke2 Nxc4 39.
Rb8 e4 40. Rd8+ Bd7 41. Rh8 d3+ 42. Ke1 e3 43. Rxh7 d2+ 44. Ke2 Nb2 45. Kxe3 d1=Q 0-1

[Event "*** SCC Grand Prix: Titled Tuesday Blitz"]
[Site "Chess.com"]
[Date "2020.06.02"]
[Round "6"]
[White "ArnieChipmunk"]
[Black "capatl"]
[Result "0-1"]
[WhiteElo "2285"]
[BlackElo "2448"]
[TimeControl "180+1"]
[EndTime "11:08:23 PDT"]
[Termination "capatl won by resignation"]

1. e4 c5 2. Nf3 e6 3. d4 cxd4 4. Nxd4 a6 5. Nc3 b5 6. g3 Bb7 7. Bg2 Qc7 8. O-O Nc6 9. Re1 Rc8 10. a4 b4 11. Nd5 Qb8 12. c4 Nge7 13. Nb6 Rd8 14. Bf4 e5 15. Nf5 Nxf5 16. exf5 Bc5 17. Qd5 d6 18. a5 O-O 19. Bxe5 Bxb6 20. Bxg7 Nxa5 21. f6 Bxd5 22. Bxd5 Rfe8 23. Re7 Rxe7 24. fxe7 Kxg7 25. exd8=Q Qxd8 0-1

[Event "*** SCC Grand Prix: Titled Tuesday Blitz"]
[Site "Chess.com"]
[Date "2020.06.02"]
[Round "6"]
[White "Stronger1799"]
[Black "DanielMieles1985"]
[Result "0-1"]
[WhiteElo "2348"]
[BlackElo "2575"]
[TimeControl "180+1"]
[EndTime "11:08:24 PDT"]
[Termination "DanielMieles1985 won by checkmate"]

1. e4 c5 2. Nf3 Nc6 3. d4 cxd4 4.
Nxd4 g6 5. Nc3 Bg7 6. Be3 Nf6 7. f3 O-O 8. Nb3 a5 9. Bb5 d6 10. Qe2 Be6 11. Rd1 Ne5 12. Nc5 Qc8 13. Nxe6 Qxe6 14. O-O Rfc8 15. Nd5 Nxd5 16. Rxd5 Nc6 17. c3 a4 18. a3 Ne5 19. h3 Nd7 20. Qc2 Nc5 21.
Bxc5 Rxc5 22. Rfd1 Be5 23. Rxc5 dxc5 24. Bxa4 c4 25. Bd7 Qf6 26. Qd2 Rd8 27. Kf1 Qh4 28.
Qf2 Qf4 29. Qb6 Bc7 30. Qxb7 Qh2 31. Ba4 Rxd1+ 32. Bxd1 Bg3 33. Ke2 Qxg2+ 34. Ke3 Qf2# 0-1

[Event "*** SCC Grand Prix: Titled Tuesday Blitz"]
[Site "Chess.com"]
[Date "2020.06.02"]
[Round "6"]
[White "PavelChernomordik"]
[Black "WinstonSilvakov"]
[Result "1-0"]
[WhiteElo "2251"]
[BlackElo "2064"]
[TimeControl "180+1"]
[EndTime "11:08:24 PDT"]
[Termination "PavelChernomordik won by resignation"]

1. e4 Nf6 2. Nc3 d5 3. e5 Nfd7 4. f4 e6 5. Nf3 c5 6. g3 Nc6 7. Qe2 a6 8. Bg2 b5 9. f5 b4 10.
fxe6 fxe6 11. Nd1 Qc7 12. d4 Nxd4 13. Nxd4 cxd4 14. Bf4 Be7 15. h4 O-O 16. Nf2 Nc5 17.
O-O a5 18. Rfd1 Ba6 19. Qg4 Rf5 20. Rxd4 Nd7 21. Rxd5 Raf8 22. Rd2 Nxe5 23. Qd1 Bc5 24. Kh2 Bxf2 25. Rxf2 g5 26. hxg5 Rxg5 27. Bh3 Qf7 28.
Qd6 Rh5 29. Qxa6 Ng4+ 30. Kg2 Nxf2 31. Bxe6 1-0

[Event "*** SCC Grand Prix: Titled Tuesday Blitz"]
[Site "Chess.com"]
[Date "2020.06.02"]
[Round "6"]
[White "kasparicy"]
[Black "MalcolmPein"]
[Result "0-1"]
[WhiteElo "2207"]
[BlackElo "2223"]
[TimeControl "180+1"]
[EndTime "11:08:24 PDT"]
[Termination "MalcolmPein won by resignation"]

1. e4 d6 2. d4 Nf6 3. Nc3 g6 4. Be2 Bg7 5. h4 h5 6. Nf3 Nc6 7. Be3 O-O 8. Ng5 e5 9. d5 Nd4 10. Qd2 c6 11. dxc6 bxc6 12. O-O-O Rb8 13. Bc4 d5 14. Bb3 Nxb3+ 15. axb3 d4 16. Ne2 Ba6 17. Nxd4 exd4 18. Bxd4 Qe7 19. f3 Rfd8 20. Qc3 Bb5 21. Kb1 Rbc8 22. b4 a5 23. bxa5 Rxd4 24. Qxd4 Nd5 25. Qd2 Nc3+ 26. bxc3 Qa3 27. Qd8+ Rxd8 28. Rxd8+ Bf8 29. Rhd1 Bc4 30. R1d2 0-1

[Event "*** SCC Grand Prix: Titled Tuesday Blitz"]
[Site "Chess.com"]
[Date "2020.06.02"]
[Round "6"]
[White "Micki-taryan"]
[Black "Chess_Boxer123"]
[Result "1-0"]
[WhiteElo "3040"]
[BlackElo "2711"]
[TimeControl "180+1"]
[EndTime "11:08:25 PDT"]
[Termination "Micki-taryan won on time"]

1. Nf3 d5 2. d4 Nf6 3. c4 c6 4. Nc3 e6 5. Bg5 Nbd7 6. e3 Bb4 7. cxd5 exd5 8. Qc2 O-O 9. Bd3 h6 10. Bh4 Re8 11. O-O b6 12. Rad1 Bb7 13. e4 dxe4 14.
Nxe4 Be7 15. Ng3 Qc7 16. Nf5 Bf8 17. Bg3 Qd8 18. Bc4 Nd5 19. Ne5 N7f6 20. Bh4 g6 21. Ne3 Bg7 22. Rfe1 Rc8 23. Qb3 Rf8 24. N3g4 Qd6 25.
Nxf6+ Bxf6 26. Bxf6 Nxf6 27. Nxf7 Rxf7 28. Bxf7+ Kg7 29.
Qe6 Qf8 30. Bxg6 Kxg6 31. Qh3 c5 32. Re6 Bd5 33. Re5 Bf7 34. d5 Re8 35. Qf5+ Kg7 36.
d6 Rxe5 37. Qxe5 Qd8 38. f4 Qd7 39. h3 Kg6 40. g4 Qe6 41. f5+ 1-0

[Event "*** SCC Grand Prix: Titled Tuesday Blitz"]
[Site "Chess.com"]
[Date "2020.06.02"]
[Round "6"]
[White "Illingworth"]
[Black "attack2mateU"]
[Result "1-0"]
[WhiteElo "2902"]
[BlackElo "2716"]
[TimeControl "180+1"]
[EndTime "11:08:26 PDT"]
[Termination "Illingworth won by resignation"]

1. d4 Nf6 2. Nf3 g6 3. Bf4 Bg7 4. e3 O-O 5. h3 d6 6. Be2 c5 7. O-O Qb6 8. Nbd2 Be6 9. Ng5 Bd7 10. Nc4 Qc7 11. a4 Nd5 12. Bh2 cxd4 13. exd4 Nb6 14. b3 Nc6 15. c3 Nxc4 16. bxc4 Qa5 17. Rb1 Qxg5 18. Rxb7 Bxh3 19. Bf3 Rac8 20. Rb5 f5 21. c5 a6 22. Rb6 Na5 23. Bd5+ Kh8 24. f4 Qh4 25. gxh3 dxc5 26. Rxa6 cxd4 27. Rxa5 Rxc3 28. Bg2 d3 29. Rd5 Qf6 30. Rxd3 Qb6+ 31. Kh1 Rc4 32. Rd7 Bf6 33. Rd5 Qb4 34. a5 Rc5 35. Rxc5 Qxc5 36. a6 Qa5 37. Qe2 Rd8 38. Bg1 Rd2 39. Qxd2 Qxd2 40.
a7 1-0

[Event "*** SCC Grand Prix: Titled Tuesday Blitz"]
[Site "Chess.com"]
[Date "2020.06.02"]
[Round "6"]
[White "LizaSolovyova"]
[Black "Spartakus1975"]
[Result "1-0"]
[WhiteElo "2508"]
[BlackElo "2680"]
[TimeControl "180+1"]
[EndTime "11:08:27 PDT"]
[Termination "LizaSolovyova won by checkmate"]

1. d4 d5 2. Nc3 Bf5 3. Bf4 a6 4.
f3 Nf6 5. g4 Bg6 6. h4 h6 7. e3 e6 8. Bd3 Bxd3 9. Qxd3 c5 10.
Nge2 Nc6 11. a3 Rc8 12. Kf2 Be7 13. Rag1 g6 14. b3 cxd4 15. Nxd4 Bxa3 16. Nxe6 fxe6 17. Qxg6+ Kd7 18. g5 Ne8 19. Nxd5 Ne7 20. Nxe7 Qxe7 21.
Rd1+ Bd6 22. Be5 Rf8 23. gxh6 Rf5 24. h7 Rxc2+ 25. Kf1 Rxf3+ 26. Kg1 Rxe3 27. Qxc2 Rxe5 28. h8=Q Nf6 29. Qhc8# 1-0

[Event "*** SCC Grand Prix: Titled Tuesday Blitz"]
[Site "Chess.com"]
[Date "2020.06.02"]
[Round "6"]
[White "wild_cat99"]
[Black "Makswolf200817"]
[Result "1-0"]
[WhiteElo "2576"]
[BlackElo "2388"]
[TimeControl "180+1"]
[EndTime "11:08:27 PDT"]
[Termination "wild_cat99 won by resignation"]

1. Nf3 d5 2. e3 Nf6 3. c4 c6 4. Nc3 a6 5. d4 Bf5 6. Qb3 b5 7. c5 e6 8. a4 Nbd7 9. Nh4 Bg4 10. h3 Bh5 11. g4 Bg6 12. g5 Ne4 13. Nxg6 hxg6 14. Nxe4 dxe4 15. Bg2 Rh4 16. Qc2 Qxg5 17. Bxe4 Rc8 18. axb5 axb5 19. f4 Qh5 20. Qg2 Nb8 21. Ra8 Kd8 22. Bxc6 Nxc6 23. Rxc8+ Kxc8 24. Qxc6+ Kd8 25. Bd2 Rxh3 26. Ba5+ Ke7 27. Qd6+ Kf6 28. Bd8+ Kf5 29. Qe5+ Kg4 30. Rg1+ Kf3 31. Rf1+ Kg4 32. f5 Qh6 33. Rf4+ Kh5 34. fxg6+ f5 35. Qxe6 Qxg6 36. Rxf5+ Kh6 37. Bg5+ Kh7 38. Qxg6+ Kxg6 39. Rxf8 Kxg5 40. Kd2 Rh2+ 41.
Kc3 Re2 42. Kd3 Rxb2 43. c6 Rb3+ 44. Kd2 Rb4 45. c7 1-0

[Event "*** SCC Grand Prix: Titled Tuesday Blitz"]
[Site "Chess.com"]
[Date "2020.06.02"]
[Round "6"]
[White "grunbergmihai"]
[Black "Firegrizzly"]
[Result "1-0"]
[WhiteElo "2395"]
[BlackElo "2568"]
[TimeControl "180+1"]
[EndTime "11:08:28 PDT"]
[Termination "grunbergmihai won by resignation"]

1. Nf3 Nf6 2. c4 e6 3. g3 a6 4. Bg2 b5 5. b3 Bb7 6. O-O c5 7. Bb2 Be7 8. Na3 Qb6 9. e3 O-O 10. Qe2 d5 11. cxb5 Nbd7 12. Ne5 Nxe5 13. Bxe5 c4 14.
Bd4 Bc5 15. Bxc5 Qxc5 16. Nxc4 Qxb5 17. Qf3 dxc4 18. Qxb7 Qxb7 19. Bxb7 Ra7 20. Bf3 Rd8 21. bxc4 Rxd2 22. Rfd1 Rxd1+ 23. Rxd1 g5 24. c5 Kf8 25. c6 Ke7 26. h3 Rc7 27. Rb1 e5 28. Rb6 e4 29. Be2 a5 30. Ra6 h6 31. Bb5 Nd5 32. Rxa5 Nc3 33. a4 Kd6 34. Ra8 Kc5 35. Rb8 h5 36. Kf1 h4 37. gxh4 gxh4 38. Ke1 f6 39. Kd2 Nd5 40. Rb7 Rc8 41. Rh7 Nb4 42. Rxh4 f5 43.
Rh5 Rf8 44. c7 Nd5 45. Rxf5 1-0

[Event "*** SCC Grand Prix: Titled Tuesday Blitz"]
[Site "Chess.com"]
[Date "2020.06.02"]
[Round "6"]
[White "Moon_stone123"]
[Black "ChronicUnhappiness"]
[Result "1-0"]
[WhiteElo "2470"]
[BlackElo "2306"]
[TimeControl "180+1"]
[EndTime "11:08:28 PDT"]
[Termination "Moon_stone123 won by resignation"]

1. Nf3 Nf6 2. g3 b5 3. Bg2 Bb7 4. O-O e6 5. d3 c5 6. Nbd2 Nc6 7. e4 d6 8. Re1 Be7 9. a4 b4 10. Nc4 e5 11. Bg5 O-O 12. Ne3 Re8 13. Nd2 Nd7 14. Bxe7 Nxe7 15. Ndc4 Nb6 16. a5 Nxc4 17. Nxc4 Ba6 18.
Ne3 Rc8 19. Qd2 Qd7 20. h3 Rb8 21. Rf1 Nc6 22. Nd5 Nd4 23. Rad1 Bb7 24. Ne3 f5 25. c3 bxc3 26. bxc3 Nb3 27. Qa2 Qf7 28. Nxf5 Red8 29. Rb1 Ba6 30. Rfd1 c4 31. dxc4 Qxc4 32. Nxd6 Qxc3 33. Nf5 Kf8 34. Qa3+ Qb4 35. Rxd8+ 1-0

[Event "*** SCC Grand Prix: Titled Tuesday Blitz"]
[Site "Chess.com"]
[Date "2020.06.02"]
[Round "6"]
[White "goldenpuppy"]
[Black "grandcoach"]
[Result "1-0"]
[WhiteElo "2187"]
[BlackElo "2072"]
[TimeControl "180+1"]
[EndTime "11:08:29 PDT"]
[Termination "goldenpuppy won on time"]

1. e4 c5 2. Nf3 Nc6 3. d4 cxd4 4. Nxd4 e5 5. Nb5 d6 6. c4 Be7 7. N1c3 a6 8. Na3 f5 9. exf5 Bxf5 10. Nc2 Nf6 11.
Ne3 Be6 12. g3 O-O 13. Bg2 Rc8 14. O-O b5 15. cxb5 axb5 16. Ncd5 Nd4 17. Bd2 Kh8 18. Bc3 Rc5 19. Nxe7 Qxe7 20. Bxd4 exd4 21. Qxd4 Rh5 22. Rad1 d5 23. f4 Bh3 24. Rde1 Bxg2 25. Kxg2 Qd7 26. f5 Re8 27. h3 Re4 28. Qb6 h6 29. g4 Rh4 30. Qb8+ Kh7 31. Qg3 Nxg4 32. Nxg4 Rhxg4 33. hxg4 Qc6 34. Rxe4 dxe4 35. Qe3 Qc2+ 36. Rf2 Qc4 37. Re2 Qxa2 38. Qxe4 Qb3 39. f6+ 1-0

[Event "*** SCC Grand Prix: Titled Tuesday Blitz"]
[Site "Chess.com"]
[Date "2020.06.02"]
[Round "6"]
[White "Angel_Hranitel_37"]
[Black "Escanor89"]
[Result "1-0"]
[WhiteElo "2404"]
[BlackElo "2555"]
[TimeControl "180+1"]
[EndTime "11:08:30 PDT"]
[Termination "Angel_Hranitel_37 won by resignation"]

1. d4 Nf6 2. Nf3 g6 3. g3 Bg7 4. Bg2 O-O 5. O-O d6 6. Nc3 c5 7.
dxc5 dxc5 8. Qxd8 Rxd8 9. Be3 Na6 10. Rfd1 Bf5 11. Nh4 Rxd1+ 12. Rxd1 Rb8 13. Nxf5 gxf5 14. Bf4 Rf8 15. Bxb7 Nb4 16. Rd2 Nh5 17. Be3 Bxc3 18. bxc3 Nxa2 19. Bxc5 Nxc3 20. Rd3 Nxe2+ 21. Kf1 Nc1 22.
Ra3 Rd8 23. Bf3 Nf6 24. Be3 Rb8 25. Ra1 Nb3 26. cxb3 Rxb3 27. Rxa7 e6 28. Bd4 Rxf3 29.
Bxf6 h6 30. h4 Rb3 31. Ra8+ Kh7 32. h5 1-0

[Event "*** SCC Grand Prix: Titled Tuesday Blitz"]
[Site "Chess.com"]
[Date "2020.06.02"]
[Round "6"]
[White "kingofthenil"]
[Black "doctorcristian"]
[Result "1-0"]
[WhiteElo "2456"]
[BlackElo "2294"]
[TimeControl "180+1"]
[EndTime "11:08:30 PDT"]
[Termination "kingofthenil won by resignation"]

1. e4 c6 2. c4 e6 3. d4 Bb4+ 4. Bd2 Bxd2+ 5. Qxd2 Nh6 6. Nc3 d6 7. f4 O-O 8. Nf3 f5 9. Bd3 Na6 10. O-O Bd7 11. Rad1 Qa5 12. a3 c5 13. d5 exd5 14. exd5 Rae8 15. Rde1 Nc7 16. h3 a6 17. Ng5 b5 18. Rxe8 Rxe8 19. Re1 bxc4 20. Bxc4 Qb6 21. Ne6 Nb5 22. Qe3 Nd4 23. Qg3 Bxe6 24.
dxe6 Qxb2 25. Nd5 Kh8 26. e7 Ng8 27. Qg5 Qd2 28. Rf1 Qe3+ 29. Nxe3 Nf3+ 30. Rxf3 Rxe7 31. Qh4 Nf6 32. Qf2 d5 33. Qe1 Ne4 34. Bxd5 Rd7 35. Nxf5 Rxd5 36. Qxe4 Rd8 37. Qe7 Rg8 38. Rg3 h5 39.
Rxg7 1-0

[Event "*** SCC Grand Prix: Titled Tuesday Blitz"]
[Site "Chess.com"]
[Date "2020.06.02"]
[Round "6"]
[White "saraswathii"]
[Black "pedro_nascimento85"]
[Result "1-0"]
[WhiteElo "2364"]
[BlackElo "1944"]
[TimeControl "180+1"]
[EndTime "11:08:30 PDT"]
[Termination "saraswathii won on time"]

1. e4 e6 2. d3 c5 3. Nf3 Nc6 4.
g3 g6 5. Bg2 Bg7 6. O-O Nge7 7.
c3 e5 8. Be3 d6 9. Na3 O-O 10.
Nc2 Bg4 11. Qd2 Bxf3 12. Bxf3 b5 13. a4 a6 14. d4 exd4 15. cxd4 cxd4 16. Nxd4 Ne5 17.
Bg2 Nc4 18. Qe2 Nxe3 19. Qxe3 Qb6 20. Rfd1 bxa4 21. Rxa4 Qxb2 22. Ne2 Qb5 23. Ra3 a5 24.
Rxd6 Rab8 25. Rd1 Rfe8 26. Nf4 Nf5 27. Qa7 Rb7 28. Qxa5 Qxa5 29. Rxa5 Ne7 30. e5 Rb2 31. e6 fxe6 32. Nxe6 Bf6 33. Ra7 Nf5 34. Bd5 Kh8 35.
Rf7 Bg7 36. g4 Nd6 37. Rxg7 Rxe6 38. Bxe6 Kxg7 39. Rxd6 Rb1+ 40. Kg2 Rb2 41. h4 h6 42. Bc4 h5 43. g5 Kh7 44. Bf7 1-0

[Event "*** SCC Grand Prix: Titled Tuesday Blitz"]
[Site "Chess.com"]
[Date "2020.06.02"]
[Round "6"]
[White "JulAnt"]
[Black "verdest"]
[Result "1-0"]
[WhiteElo "2425"]
[BlackElo "2572"]
[TimeControl "180+1"]
[EndTime "11:08:31 PDT"]
[Termination "JulAnt won by resignation"]

1. e4 c5 2. Nf3 d6 3. d4 cxd4 4.
Nxd4 Nf6 5. Nc3 a6 6. Bg5 Nbd7 7. Bc4 Qa5 8. Qd2 e6 9. f3 b5 10. Bb3 Nc5 11. O-O-O Bb7 12. Kb1 O-O-O 13. Rhe1 b4 14. Nce2 Ncxe4 15. fxe4 Nxe4 16. Qf4 Nxg5 17. h4 Ne4 18.
Qxf7 d5 19. Nxe6 Nd6 20. Qf4 Be7 21. Nxd8 Rxd8 22. Qg4+ Kb8 23. Qxg7 Nf5 24. Qe5+ 1-0